 Dungeon Crawl Stone Soup version 0.32-a0-290-g598725c5f2 (webtiles) character file.

Game seed: 15572190894290482129

16 jasper the Chopper (level 2, -3/26 HPs)
             Began as a Mountain Dwarf Fighter on Feb 13, 2024.
             Slain by a +1 spectral club (7 damage)
             ... created by Ijyb
             ... on level 3 of the Dungeon.
             The game lasted 00:00:41 (235 turns).

jasper the Chopper (Mountain Dwarf Fighter)          Turns: 235, Time: 00:00:42

Health: -3/26      AC:  6    Str: 18    XL:     2   Next: 37%
Magic:  2/2        EV:  9    Int:  8    God:
Gold:   17         SH:  4    Dex:  9    Spells: 1/1 levels left

rFire   . . .        a - +0 war axe
rCold   . . .        c - +0 buckler
rNeg    . . .        b - +0 scale mail
rPois   .            (no helmet)
rElec   .            (no cloak)
rCorr   .            (no gloves)
SInv    .            (no boots)
Will    .....        (no amulet) Stlth
                     (no ring)
HPRegen 0.24/turn    (no ring)
MPRegen 0.08/turn

%: no passive effects
@: mighty
A: runic magic, artefact enchanting
a: no special abilities


You were on level 3 of the Dungeon.
You visited 1 branch of the dungeon, and saw 3 of its levels.

You collected 17 gold pieces.

Inventory:

Hand Weapons
 a - a +0 war axe (weapon)
Armour
 b - a +0 scale mail (worn)
 c - a +0 buckler (worn)
Scrolls
 e - 3 scrolls of silence {unknown}


   Skills:
 - Level 3.2 Fighting
 + Level 3.7 Axes
 - Level 3.2 Armour
 - Level 3.2 Shields


You had one spell level left.
You didn't know any spells.
Your spell library was empty.

Dungeon Overview and Level Annotations

Branches:
Dungeon (3/15)

Altars:
Gozag

Annotations:
D:3 Ijyb


Innate Abilities, Weirdness & Mutations

Your spellcasting is much less encumbered by armour.
You can use scrolls of enchantment on lesser artefacts.


Message History

You kill the orc!
Ijyb grins evilly.
You have reached level 2!
Health restored: 26; MP restored: 2 You feel very mighty all of a sudden.
The orc hits you with a +2 hand axe of freezing.
The orc freezes you.
Things that are here:
a +0 whip; a +0 leather armour You take 2 damage, and have 24/26 hp.
You closely miss the orc. You slash the orc!
You kill the orc!
The orc hits you but does no damage.
You completely miss the orc. The orc closely misses you.
Ijyb closely misses you. The +1 spectral club hits you.
You block the orc's attack.
A +1 spectral club comes into view.
You take 3 damage, and have 22/26 hp.
You barely miss the orc. You hit the +1 spectral club.
Ijyb shares her spectral weapon's damage!
You closely miss Ijyb. Ijyb hits you but does no damage.
The +1 spectral club closely misses you.
The orc hits you with a +2 hand axe of freezing.
The orc freezes you.
You take 7 damage, and have 15/26 hp.
MASSIVE DAMAGE!!
You closely miss Ijyb.
Ijyb is lightly wounded.
You closely miss the +1 spectral club. You slash the orc!
You kill the orc!
Ijyb hits you with a +1 spectral club. The +1 spectral club hits you!
* * * LOW HITPOINT WARNING * * *
You take 9 damage, and have 6/26 hp.
MASSIVE DAMAGE!!
You slash Ijyb!
Ijyb is heavily wounded.
You hit the +1 spectral club.
Ijyb shares her spectral weapon's damage!
Ijyb hits you with a +1 spectral club.
* * * LOW HITPOINT WARNING * * *
The +1 spectral club hits you!
You die...

..##..........####
..............#
..##..........#
##+###..........####=..
..#..#(.............(..
..#..##........#..?....
##'..'........######..o.
+.#..#.#.......#####....
#.#..#..........@(......
#.+##+.##..).....g#...#.
#.#..#.........#### ...
+.#..#..#......# #
##+..'.##......#
..#..########### ..#..#
##'### ...#


You could see a +1 spectral club and Ijyb.

Vanquished Creatures
  A ribbon worm (D:2)
  3 orcs (D:3)
  A ball python (D:2)
  A giant cockroach (D:1)
6 creatures vanquished.

Notes
Turn   | Place    | Note
-------+----------+-------------------------------------------
     0 | D:1      | jasper the Mountain Dwarf Fighter began the quest for the
                  | Orb.
     0 | D:1      | Reached XP level 1. HP: 19/19 MP: 1/1
     6 | D:1      | Noticed a mana viper
     6 | D:1      | Noticed a boulder beetle
     6 | D:1      | Noticed a four-headed hydra
     7 | D:1      | Noticed a polar bear
     7 | D:1      | Noticed a komodo dragon
   183 | D:3      | Found an opulent altar of Gozag.
   220 | D:3      | Noticed an orc wizard
   227 | D:3      | Noticed Ijyb
   229 | D:3      | Reached XP level 2. HP: 26/26 MP: 2/2
   235 | D:3      | Slain by a +1 spectral club

Illustrated notes

Levels and vault maps discovered:
D:1:      onia_arrival_zoo_common, layout_basic
D:2:      layout_rooms, basic_altar
D:3:      layout_rooms, zin_purify, mainiacjoe_overflow_24_doors,
          kiku_gazebo_garden_becter, ebering_ghost_reflecting_pool,
          uniq_terence, uniq_ijyb

Skill      XL: |  1 |
---------------+----+-----
Axes           | 3 |  3.7
Fighting       | |  3.2
Armour         | |  3.2
Shields        | |  3.2

Action                     || total
---------------------------++-------
  Melee: War axe           ||    24
    Use: Potion            ||     1
 Armour: Scale mail        ||    21
  Dodge: Dodged            ||    11
  Block: Buckler           ||     3

Table legend: (Time is in decaauts)
 A = Elapsed time spent in this place.
 B = Non-inter-level travel time spent in this place.
 C = Inter-level travel time spent in this place.
 D = Time resting spent in this place.
 E = Time spent auto-exploring this place.
 F = Levels seen in this place.
 G = Mean time per level.
                   A        B        C        D        E       F      G
               +--------+--------+--------+--------+--------+-----+--------+
         Total |    243 |    243 |      0 |     48 |     88 |   3 |   81.0 |
       Dungeon |    243 |    243 |      0 |     48 |     88 |   3 |   81.0 |
               +--------+--------+--------+--------+--------+-----+--------+

Top non-repeatable levels by time:
     D:2: 87 daAuts
     D:3: 82 daAuts
     D:1: 72 daAuts
